 Dungeon Crawl Stone Soup version 0.31.0-11-ge490571c62 (webtiles) character file.

Game seed: 5787552248225772581

77 hawla the Chopper (level 4, -2/39 HPs)
             Began as a Minotaur Fighter on Feb 2, 2024.
             Slain by Grinder (4 damage)
             ... while paralysed by Grinder
             ... on level 3 of the Dungeon.
             The game lasted 00:03:29 (1830 turns).

hawla the Chopper (Minotaur Fighter)                Turns: 1830, Time: 00:03:29

Health: -2/39      AC:  8    Str: 22    XL:     4   Next: 13%
Magic:  3/3        EV:  2    Int:  5    God:
Gold:   165        SH:  0    Dex: 10    Spells: 3/3 levels left

rFire   . . .        a - +0 war axe (venom)
rCold   . . .        c - +0 buckler
rNeg    . . .        b - +0 scale mail
rPois   .            (helmet restricted)
rElec   .            (no cloak)
rCorr   .            k - +0 pair of gloves
SInv    .            (no boots)
Will    .....        (no amulet) Stlth
                     (no ring)
HPRegen 0.26/turn    (no ring)
MPRegen 0.08/turn

%: no passive effects
@: paralysed
A: horns 2, retaliatory headbutt
a: no special abilities


You were on level 3 of the Dungeon.
You visited 1 branch of the dungeon, and saw 3 of its levels.

You collected 165 gold pieces.

Inventory:

Hand Weapons
 a - a +0 war axe of venom (weapon)
 f - a +0 spear of venom
Armour
 b - a +0 scale mail (worn)
 c - a +0 buckler (worn)
 k - a +0 pair of gloves (worn)
Scrolls
 g - a scroll of identify {unknown}
 i - a scroll of poison
 j - a scroll of immolation {unknown}
 l - a scroll of teleportation {unknown}
Potions
 d - a potion of might
 e - 3 potions of curing {unknown}
 h - a potion of lignification {unknown}


   Skills:
 - Level 3.6 Fighting
 + Level 5.0(5.2) Axes
 - Level 1.6(3.5) Polearms
 - Level 3.6 Armour
 - Level 3.6 Shields


You had 3 spell levels left.
You didn't know any spells.
Your spell library contained the following spells:

 Spells                   Type           Power      Damage    Failure   Level
 Dazzling Flash           Conj/Hex       0%         N/A       99%         3
 Volatile Blastmotes      Fire/Tloc      0%         2d10      99%         3
 Starburst                Conj/Fire      0%         6d3       100%        6
 Maxwell's Capacitive Co  Air            0%         ∞         100%        8


Dungeon Overview and Level Annotations

Branches:
Dungeon (3/15)

Altars:
Xom

Annotations:
D:3 1 transporter, Grinder


Innate Abilities, Weirdness & Mutations

You have a pair of horns on your head.
You reflexively headbutt those who attack you in melee.


Message History

A frilled lizard comes into view.
The frilled lizard hisses angrily.
A frilled lizard is nearby!
A frilled lizard is nearby!
A giant cockroach comes into view.
You closely miss the frilled lizard.
The frilled lizard bites you but does no damage.
You slash the frilled lizard!
You kill the frilled lizard!
You slash the giant cockroach!
You kill the giant cockroach!
No target in view!
Found a blade talisman.
Grinder comes into view.
Grinder is nearby!
Grinder is nearby!
Found a transporter.
Grinder gestures at you. Pain shoots through your body!
Grinder gestures at you. Pain shoots through your body!
You are too injured to fight recklessly!
You are too injured to fight recklessly!
You are too injured to fight recklessly!
Found a book of Scorching.
Grinder barely misses you. You furiously retaliate!
You headbutt Grinder! You slash Grinder! You headbutt Grinder!
Grinder is almost dead.
Grinder gestures at you.
You suddenly lose the ability to move!
Grinder completely misses you. Grinder hits you!
* * * LOW HITPOINT WARNING * * *
You writhe in agony.
* * * LOW HITPOINT WARNING * * *
Grinder hits you.
* * * LOW HITPOINT WARNING * * *
You writhe in agony.
You die...
Grinder says, "Hey, I wasn't done torturing you yet!"

..............†.......#
......................#
......#.###...........#
.....#.........#######
### #######......#
#......# #......#
8#.#......# .#.....@..#
©#©....5..# .#........#
8#.#......# ##.#......#
.. #......# .......#
...:.....


You could see Grinder.

Vanquished Creatures
  A dart slug (D:2)
  2 ribbon worms
  An orc (D:3)
  5 ball pythons
  4 endoplasms
  4 giant cockroaches
  2 goblins (D:1)
  7 hobgoblins
  4 jackals
  4 quokkas (D:1)
  11 bats
  6 frilled lizards
  5 kobolds
  7 rats
63 creatures vanquished.

Notes
Turn   | Place    | Note
-------+----------+-------------------------------------------
     0 | D:1      | hawla the Minotaur Fighter began the quest for the Orb.
     0 | D:1      | Reached XP level 1. HP: 19/19 MP: 0/0
    20 | D:1      | Reached skill level 3 in Axes
    24 | D:1      | Reached XP level 2. HP: 20/26 MP: 1/1
   171 | D:1      | Reached skill level 1 in Polearms
   270 | D:1      | Reached skill level 4 in Axes
   291 | D:1      | Reached XP level 3. HP: 31/31 MP: 2/2
  1091 | D:2      | Found a shimmering altar of Xom.
  1755 | D:3      | Reached XP level 4. HP: 39/39 MP: 3/3
  1769 | D:3      | Reached skill level 5 in Axes
  1822 | D:3      | Noticed Grinder
  1823 | D:3      | Found a transporter.
  1827 | D:3      | Paralysed by Grinder for 5 turns
  1830 | D:3      | Slain by Grinder

Illustrated notes

Levels and vault maps discovered:
D:1:      pf_arrival_petrified_forest, layout_basic, skrybe_limestone_x,
          hangedman_decor_clover_reticule
D:2:      layout_basic, basic_altar, interstate_on_off,
          kennysheep_generic_room_3
D:3:      gammafunk_steamed_eel, layout_basic, shapermc_ecumenical_altar_petra,
          uniq_crazy_yiuf_cottage, uniq_grinder

Skill      XL: |  1  2  3  4 |
---------------+-------------+-----
Axes           | 3 4 5 |  5.0
Polearms       | 1 |  1.6
Fighting       | |  3.6
Armour         | |  3.6
Shields        | |  3.6

Action                     |  1- 3 |  4- 6 || total
---------------------------+-------+-------++-------
  Melee: War axe           |    51 |    11 ||    62
         Spear             |    58 |       ||    58
         Headbutt          |    14 |     3 ||    17
    Use: Scroll            |     3 |       ||     3
 Armour: Scale mail        |    45 |     6 ||    51
  Dodge: Dodged            |    43 |     5 ||    48
  Block: Buckler           |    21 |       ||    21
